 Dungeon Crawl Stone Soup version 0.29.0-13-gc9e81de378 (webtiles) character file.

Game seed: 8171802446540834198

782 sanka the Magician (level 8, 0/58 HPs)
             Began as a Djinni Monk on Sept 7, 2022.
             Slain by an orc priest
             ... wielding a +0 mace
              (1 damage)
             ... on level 5 of the Dungeon.
             The game lasted 00:06:47 (7833 turns).

sanka the Magician (Djinni Monk)                    Turns: 7833, Time: 00:06:48

Health: 0/58       AC:  2    Str: 16    XL:     8   Next: 11%
Gold:   327        EV: 13    Int: 14    God:
                   SH:  0    Dex: 16

rFire   + + .      SeeInvis .   v - +1 war axe (vamp)
rCold   x . .      Faith    .   (no shield)
rNeg    . . .      Spirit   .   a - +0 robe
rPois   ∞          Reflect  .   (no helmet)
rElec   .          Harm     .   (no cloak)
rCorr   .          Rampage  .   (no gloves)
Will    .....                   (boots unavailable)
Stlth   ++........              c - amulet of the acrobat
HPRegen 0.19/turn               (no ring)
MPRegen 0.00/turn               l - +6 ring of strength

@: flying
A: sickness immunity, fire resistance 2, cold vulnerability 1, float, innate
caster, HP casting, extra vitality 1
a: no special abilities


You were on level 5 of the Dungeon.
You visited 1 branch of the dungeon, and saw 5 of its levels.

You collected 327 gold pieces.


Innate Abilities, Weirdness & Mutations

You are immune to sickness and miasma.
You are immune to poison.
Your flesh is very heat resistant. (rF++)
You are vulnerable to cold. (rC-)
You float through the air rather than walking.
You learn spells naturally, not from books.
Your magical power is your life essence.
You have superior vitality. (+4 MHP)


   Skills:
 - Level 4.1 Fighting
 - Level 3.2 Dodging
 - Level 1.5 Stealth
 - Level 3.0 Unarmed Combat
 + Level 5.9 Spellcasting


You had 13 spell levels left.
You knew the following spells:

 Your Spells              Type           Power      Damage    Failure   Level
x - Call Imp              Summ           20%        N/A       1%          2
y - Ensorcelled Hibernat  Hex/Ice        40%        N/A       1%          2
z - Magic Dart            Conj           80%        1d7       1%          1
Your spell library was empty.

Inventory:

Hand Weapons
 s - a +0 scythe
 v - a +1 vampiric war axe (weapon)
Armour
 a - a +0 robe (worn)
Magical Staves
 r - a staff of fire
Jewellery
 c - an amulet of the acrobat (around neck)
 l - a +6 ring of strength (right hand)
Scrolls
 d - 6 scrolls of identify {unknown}
 f - a scroll of enchant armour {unknown}
 g - 2 scrolls of amnesia {unknown}
 i - a scroll of teleportation {unknown}
 j - 3 scrolls of immolation {unknown}
 k - a scroll of magic mapping {unknown}
 n - a scroll of fear {unknown}
 t - a scroll of blinking {unknown}
 w - a scroll of enchant weapon {unknown}
Potions
 b - a potion of ambrosia
 e - a potion of lignification {unknown}
 h - a potion of heal wounds {unknown}
 m - 4 potions of flight {unknown}
 o - a potion of haste {unknown}
 p - a potion of invisibility {unknown}
 q - 4 potions of brilliance {unknown}
 u - a potion of berserk rage {unknown}

Dungeon Overview and Level Annotations

Branches:
Dungeon (5/15)             Temple (0/1) D:5

Altars:

Annotations:
D:4 3 runed translucent doors, leavemydog's ghost, amateur DEAE

▒▒ .. ▒.▒▒▒
▒.... ▒.▒▒.▒.
......▒▒
▒▒▒..r▒▒
▒....oR▒
▒£.▒.▒.5▒ ▒.
▒..▒▒▒▒ ..
▒▒.....▒
.▒▒▒▒..▒▒▒..▒
▒▒▒▒▒▒▒. ▒
▒......▒ ...
........
▒.⌠)...▒ ▒▒
▒......
▒▒......▒
▒......
▒▒.......▒
▒......


You could see an orc priest (ally target), a quokka and a friendly shadow imp
(summoned).


Message History

You hit the jackal. You miss the quokka. The quokka bites you.
* * * LOW HITPOINT WARNING * * *
The orc priest looks braver for a moment.
The jackal barely misses you. The quokka misses you.
Your shadow imp barely misses the jackal.
The orc priest casts a cantrip, but nothing happens.
The jackal pauses to sniff the ground.
The jackal closely misses you.
You closely miss the orc priest.
The orc priest is lightly wounded.
You closely miss the quokka. You miss the jackal. The quokka misses you.
The jackal barely misses you.
Your shadow imp hits the jackal but does no damage.
The orc priest barely misses you. The quokka barely misses you.
The jackal closely misses you.
Your shadow imp hits the jackal.
The jackal dies!
You closely miss the orc priest.
The orc priest is lightly wounded.
You hit the quokka. The quokka bites you.
* * * LOW HITPOINT WARNING * * *
The orc priest hits you with a +0 mace.
You die...

Action                   |  1- 3 |  4- 6 |  7- 9 || total
-------------------------+-------+-------+-------++-------
Melee: Unarmed           |    88 |     6 |       ||    94
       Punch             |     3 |       |       ||     3
       War axe           |       |       |     3 ||     3
 Cast: Magic Dart        |    40 |   143 |    93 ||   276
       Call Imp          |       |     9 |     9 ||    18
  Use: Potion            |       |     2 |       ||     2
 Stab: Sleeping          |     3 |       |       ||     3
Armor: Robe              |     7 |     3 |     5 ||    15
Dodge: Dodged            |    60 |    57 |    42 ||   159

Levels and vault maps discovered:
D:1:      lemuel_arrival_behind_the_door_large, layout_loops_ring,
          minmay_domino_2
D:2:      layout_loops_cross, nicolae_ecumenical_lake_church,
          kennysheep_crisscross, amcnicky_mini_corridor_feature
D:3:      layout_loops_ring, hangedman_decor_points, kennysheep_generic_room_5
D:4:      layout_cave_pools, lemuel_blue_sif_altar, gammafunk_ghost_split,
          kennysheep_generic_room_12, uniq_sigmund
D:5:      layout_basic, minmay_temple_entry_enclosed_plants, minmay_bent,
          uniq_ijyb

Notes
Turn   | Place    | Note
-------+----------+-------------------------------------------
     0 | D:1      | sanka the Djinni Monk began the quest for the Orb.
     0 | D:1      | Reached XP level 1. HP: 20/20 MP: 0/0
   543 | D:1      | Reached XP level 2. HP: 25/25 MP: 0/0
  1414 | D:2      | Found a faded altar of an unknown god.
  1442 | D:2      | Reached skill level 4 in Fighting
  1442 | D:2      | Reached XP level 3. HP: 21/31 MP: 0/0
  1442 | D:2      | Learned a level 1 spell: Magic Dart
  2262 | D:2      | Reached skill level 1 in Spellcasting
  2448 | D:2      | Reached XP level 4. HP: 24/37 MP: 0/0
  3866 | D:3      | Reached skill level 2 in Spellcasting
  4050 | D:3      | Reached XP level 5. HP: 35/41 MP: 0/0
  4050 | D:3      | Learned a level 2 spell: Call Imp
  5279 | D:4      | Reached skill level 3 in Spellcasting
  5528 | D:4      | HP: 2/41 [scorpion (7)]
  5535 | D:4      | Reached XP level 6. HP: 13/47 MP: 0/0
  5867 | D:4      | Found a runed translucent gate.
  5867 | D:4      | Found a runed translucent gate.
  5867 | D:4      | Found a runed translucent gate.
  5906 | D:4      | Noticed Sigmund
  5918 | D:4      | Killed Sigmund
  5919 | D:4      | Reached skill level 4 in Spellcasting
  5919 | D:4      | Reached XP level 7. HP: 41/52 MP: 0/0
  5919 | D:4      | Learned a level 2 spell: Ensorcelled Hibernation
  6127 | D:4      | Noticed leavemydog's ghost (amateur DEAE)
  6428 | D:5      | Entered Level 5 of the Dungeon
  6451 | D:5      | Identified the +1 ring mail "Baffex" {rElec rC- Regen+
                  | SInv}
  6497 | D:5      | Reached skill level 5 in Spellcasting
  6820 | D:5      | Found a staircase to the Ecumenical Temple.
  7338 | D:5      | Noticed a gargoyle
  7769 | D:5      | Reached XP level 8. HP: 52/58 MP: 0/0
  7830 | D:5      | HP: 5/58 [quokka (2)]
  7830 | D:5      | HP: 2/58 [jackal (3)]
  7833 | D:5      | Slain by an orc priest

Vanquished Creatures
  Sigmund (D:4)
  A phantom (D:5)
  2 scorpions
  2 jellies (D:5)
  2 hounds
  An iguana (D:5)
  6 adders
  2 worms
  2 dart slugs
  14 orcs
  6 ball pythons
  5 bats
  9 endoplasms
  5 giant cockroaches
  4 goblins
  6 hobgoblins
  A quokka (D:1)
  3 frilled lizards
  5 kobolds
  2 rats (D:2)
79 creatures vanquished.

Vanquished Creatures (collateral kills)
  A black bear (D:5)
  An orc priest (D:4)
  3 orcs (D:4)
  3 jackals
8 creatures vanquished.

Grand Total: 87 creatures vanquished
